 Dungeon Crawl Stone Soup version 0.24.0-2-g5b39cebb1c (webtiles) character file.

Game seed: 8527704182281092969, levelgen mode: deterministic

1784 Kairok the Covert (level 9, -2/45 HPs)
             Began as a Vine Stalker Assassin on Oct 30, 2019.
             Was a Follower of Okawaru.
             Slain by an orc warrior
             ... wielding a +1 war axe of flaming
              (13 damage)
             ... on level 7 of the Dungeon.
             The game lasted 00:10:19 (5260 turns).

Kairok the Covert (Vine Stalker Assassin)           Turns: 5260, Time: 00:10:20

Health: -2/45      AC: 16    Str: 15    XL:     9   Next: 8%
Magic:  0/10       EV: 11    Int: 11    God:    Okawaru [*.....]
Gold:   222        SH:  8    Dex: 18    Spells: 8/8 levels left

rFire    . . .     SeeInvis .   l - +1 short sword (protect)
rCold    . . .     Gourm    .   H - +0 shield
rNeg     . . .     Faith    .   D - +0 ring mail
rPois    .         Spirit   +   R - +0 helmet
rElec    .         Reflect  .   c - +0 cloak
rCorr    .         Harm     .   (no gloves)
MR       ++...                  P - +0 pair of boots
Stlth    +++.......             k - amulet of regeneration
HPRegen  0.95/turn              I - ring of protection from magic
MPRegen  0.12/turn              q - +1 ring of evasion

@: protection aura
A: fangs 3, regeneration 1, magic shield, antimagic bite, no potion heal 3, rot
immunity
a: Heroism, Renounce Religion


You were on level 7 of the Dungeon.
You worshipped Okawaru.
Okawaru was aware of your devotion.
You were hungry.

You visited 2 branches of the dungeon, and saw 8 of its levels.

You collected 222 gold pieces.

Inventory:

Hand Weapons
 a - a +2 dagger
 l - a +1 short sword of protection (weapon)
 o - a +1 dagger of draining
 x - a +2 short sword of speed
 N - a +2 rapier of venom
Missiles
 d - 7 poisoned darts (quivered)
 e - 2 curare-tipped darts
 g - 5 boomerangs of dispersal
 U - 2 throwing nets
Armour
 b - a +0 robe
 c - a +0 cloak (worn)
 n - a +0 leather armour
 D - a +0 ring mail (worn)
 H - a +0 shield (worn)
 P - a +0 pair of boots (worn)
 R - a +0 helmet (worn)
Jewellery
 i - an uncursed ring of wizardry
 k - an amulet of regeneration (around neck)
 q - a +1 ring of evasion (right hand)
 w - a +2 amulet of reflection
 G - an uncursed ring of see invisible
 I - a ring of protection from magic (left hand)
 J - an uncursed amulet of harm
Wands
 p - a wand of enslavement (8)
 v - a wand of flame (19)
 F - a wand of iceblast (9)
 K - a wand of random effects (19)
 Q - a wand of acid (7)
Scrolls
 m - 5 scrolls of teleportation {unknown}
 t - 2 scrolls of amnesia {unknown}
 u - a scroll of enchant armour {unknown}
 y - 2 scrolls of magic mapping {unknown}
 z - 5 scrolls of identify {unknown}
 C - a scroll of random uselessness {unknown}
 L - a scroll of immolation {unknown}
 M - 3 scrolls of remove curse
 O - a scroll of noise {unknown}
Potions
 h - 3 potions of lignification {unknown}
 j - a potion of cancellation {unknown}
 r - 2 potions of heal wounds {unknown}
 s - 2 potions of agility {unknown}
 A - a potion of ambrosia {unknown}
 B - 2 potions of degeneration {unknown}
 E - 3 potions of curing {unknown}
 S - a potion of flight {unknown}
 T - 2 potions of resistance {unknown}
Comestibles
 f - 19 rations


   Skills:
 + Level 3.7 Fighting
 + Level 6.4 Short Blades
 + Level 2.5 Throwing
 + Level 3.2 Armour
 + Level 3.3 Dodging
 + Level 8.2 Stealth
 + Level 1.8 Shields


You had 8 spell levels left.
You didn't know any spells.
Your spell library contained the following spells:

 Spells                   Type           Power        Failure   Level  Hunger
 Animate Skeleton         Necr           N/A          98%         1    ##.....
 Apportation              Tloc           #.....       98%         1    ##.....
 Confusing Touch          Hex            #.....       98%         1    ##.....
 Summon Small Mammal      Summ           #...         98%         1    ##.....
 Confuse                  Hex            #.......     100%        3    ####...
 Gell's Gravitas          Tloc           #.........   100%        3    ####...
 Petrify                  Tmut/Erth      #.......     100%        4    #####..
 Metabolic Englaciation   Hex/Ice        #.........   100%        5    ######.
 Yara's Violent Unravell  Hex/Tmut       #.........   100%        5    ######.


Dungeon Overview and Level Annotations

Branches:
Dungeon (7/15)             Temple (1/1) D:4

Altars:
Cheibriados
Dithmenos
Elyvilon
Fedhas
Gozag
Kikubaaqudgha
Nemelex Xobeh
Okawaru
Qazlal
Sif Muna
Trog
Zin
The Shining One


Innate Abilities, Weirdness & Mutations

You have razor-sharp teeth.
Your natural rate of healing is unusually fast.
When hurt, damage is shared between your health and your magic reserves.
Your bite disrupts and absorbs the magic of your enemies.
Potions cannot restore your health.
You are immune to rotting.


Message History

The bullfrog snags a nearby mouse with its tongue.
The orc warrior hits you with a +1 war axe of flaming!
The orc warrior burns you.
You are too injured to fight recklessly!
You are too injured to fight recklessly!
You are too injured to fight recklessly!
You are too injured to fight recklessly!
You closely miss the orc warrior. You bite the orc warrior.
You drain its power.
You feel invigorated.
The orc warrior is heavily wounded.
The orc warrior hits you with a +1 war axe of flaming!
The orc warrior burns you.
* * * LOW HITPOINT WARNING * * *
You hit the orc warrior but do no damage.
You bite the orc warrior, but do no damage.
The orc warrior is heavily wounded.
You hit the orc warrior but do no damage.
The orc warrior is heavily wounded.
The orc warrior hits you with a +1 war axe of flaming!
You die...

...........#.........
####.#.#..###..#####.
.......#.#.#..##
####.###.##.#.#
#.....##.#.# #
########.#.# .###
#.#.# ....#
#.#.####o....#
#.....@oF.....
#...####o..... #...#
..... .....# .##. #.#
###..## # #.#
#..#######.# #.#
#..##......# #.#
#..##.###### #.#
#..#...##


You could see an orc warrior, a bullfrog and 2 orcs.

Vanquished Creatures
  Sigmund (D:3)
  A sky beast (D:5)
  An ice beast (D:7)
  2 phantoms
  4 ogres
  2 centaurs
  2 vampire bats (D:6)
  A bullfrog zombie (D:5)
  3 hounds
  A jelly (D:3)
  An orc priest (D:7)
  2 orc wizards
  A bullfrog skeleton (D:5)
  4 worker ants
  A hound skeleton (D:4)
  A worker ant zombie (D:7)
  10 adders
  9 gnolls
  An adder skeleton (D:7)
  An adder zombie (D:7)
  2 worms
  2 dart slugs (D:1)
  5 leopard geckos
  9 orcs
  9 ball pythons
  A bat skeleton (D:6)
  3 bat zombies (D:6)
  10 giant cockroaches
  14 goblins
  4 hobgoblins
  4 jackals (D:4)
  4 quokkas
  7 bats
  10 frilled lizards
  A jackal skeleton (D:4)
  3 kobolds
  2 leopard gecko skeletons
  A quokka skeleton (D:5)
  10 rats
150 creatures vanquished.

Vanquished Creatures (others)
  3 plants (D:3)
3 creatures vanquished.

Grand Total: 153 creatures vanquished

Notes
Turn   | Place    | Note
-------+----------+-------------------------------------------
     0 | D:1      | Kairok the Vine Stalker Assassin began the quest for the
                  | Orb.
     0 | D:1      | Reached XP level 1. HP: 11/11 MP: 2/2
    55 | D:1      | Reached skill level 5 in Stealth
   103 | D:1      | Reached XP level 2. HP: 13/15 MP: 3/3
   545 | D:1      | Reached XP level 3. HP: 18/18 MP: 4/4
   567 | D:1      | Reached skill level 1 in Dodging
   802 | D:2      | Reached skill level 6 in Stealth
   802 | D:2      | Gained mutation: Your natural rate of healing is unusually
                  | fast. [Vine Stalker growth]
   802 | D:2      | Reached XP level 4. HP: 16/23 MP: 3/5
  1039 | D:2      | Found a shimmering blue altar of Sif Muna.
  1045 | D:2      | Found a shadowy altar of Dithmenos.
  1051 | D:2      | Found a bloodstained altar of Trog.
  1413 | D:3      | Reached XP level 5. HP: 19/26 MP: 4/6
  1564 | D:3      | Noticed Sigmund
  1794 | D:3      | Found a white marble altar of Elyvilon.
  1796 | D:3      | Found a glowing golden altar of the Shining One.
  1797 | D:3      | Found a glowing silver altar of Zin.
  1874 | D:3      | Reached XP level 6. HP: 32/32 MP: 7/7
  1906 | D:3      | Killed Sigmund
  1906 | D:3      | Reached skill level 1 in Armour
  2098 | D:4      | Reached XP level 7. HP: 35/35 MP: 8/8
  2143 | D:4      | Reached skill level 7 in Stealth
  2353 | D:4      | Found a staircase to the Ecumenical Temple.
  2383 | D:5      | Entered Level 5 of the Dungeon
  2412 | Temple   | Entered the Ecumenical Temple
  2423 | Temple   | Became a worshipper of Warmaster Okawaru
  2810 | D:4      | Reached skill level 5 in Short Blades
  2810 | D:4      | Gained mutation: You have razor-sharp teeth. [Vine Stalker
                  | growth]
  2810 | D:4      | Reached XP level 8. HP: 40/40 MP: 9/9
  2971 | D:5      | Found an opulent altar of Gozag.
  3673 | D:5      | Found a blossoming altar of Fedhas.
  4542 | D:6      | Found an ancient bone altar of Kikubaaqudgha.
  4555 | D:6      | Reached * piety under Okawaru
  4556 | D:6      | Reached skill level 1 in Shields
  4678 | D:7      | Reached skill level 8 in Stealth
  5141 | D:7      | Reached XP level 9. HP: 45/45 MP: 10/10
  5260 | D:7      | Slain by an orc warrior

Levels and vault maps discovered:
D:1:      doesnt_arrival_eight_statues, layout_basic
D:2:      layout_loops_ring, minitemple
D:3:      layout_rooms, good_gods_temple_1, minmay_shallow_snake_nest,
          uniq_sigmund
D:4:      layout_rooms, minmay_temple_entry_purple_smoke, serial_glass,
          glass_columns_a, glass_columns_a, item_on_display_a,
          due_unseen_surprise, minmay_strange_pillars, minmay_strange_pillars,
          minivault_5
D:5:      layout_basic, nicolae_gozag_cash_rules_everything_around_me,
          kennysheep_mini_moat, serial_corexii_hall,
          chequers_hall_statues_corner_a, corexii_hall_statues_i, first_ration
D:6:      layout_basic, kennysheep_vampire_church
D:7:      layout_loops_ring, grunt_ogre_cave
Temple:   compressed_dpeg_triangle_lava_temple

Skill      XL: |  1  2  3  4  5  6  7  8 |
---------------+-------------------------+-----
Stealth        | 5 6 7 8 |  8.2
Short Blades   | 2 3 4 5 6 |  6.4
Throwing       | 2 |  2.5
Dodging        | 1 2 3 |  3.3
Fighting       | 2 3 |  3.7
Armour         | 1 3 |  3.2
Shields        | 1 |  1.8

Action                   |  1- 3 |  4- 6 |  7- 9 || total
-------------------------+-------+-------+-------++-------
Melee: Dagger            |    61 |       |       ||    61
       Bite              |    22 |    41 |    87 ||   150
       Short sword       |    16 |   169 |   276 ||   461
Throw: Dart              |       |     6 |     5 ||    11
Evoke: Wand              |       |       |     1 ||     1
  Use: Scroll            |       |     3 |       ||     3
 Stab: Sleeping          |    10 |    10 |    12 ||    32
       Distracted        |       |     1 |       ||     1
  Eat: Chunk             |       |     3 |     7 ||    10
       Ration            |       |       |     1 ||     1
Armor: Robe              |    16 |       |       ||    16
       Leather armour    |     6 |    58 |    38 ||   102
       Ring mail         |       |       |    52 ||    52
Dodge: Dodged            |    60 |   136 |   125 ||   321
Block: Shield            |       |       |    62 ||    62
